 Dungeon Crawl Stone Soup version 0.31-a0-175-g9f7f995f2b (webtiles) character file.

Game seed: 5732438906358245839

831 qw the Shooter (level 7, 0/61 (64) HPs)
             Began as a Naga Hunter on June 17, 2023.
             Slain by a rotten bat (1 damage)
             ... on level 4 of the Dungeon.
             The game lasted 00:01:31 (3370 turns).

qw the Shooter (Naga Hunter)                        Turns: 3370, Time: 00:01:31

HP:   0/61 (64)     AC:  3    Str: 13    XL:     7   Next: 98%
MP:   7/7           EV: 10    Int: 10    God:
Gold: 189           SH:  0    Dex: 16    Spells: 6/6 levels left

rFire   . . .        Y - +0 shortbow
rCold   . . .        (shield currently unavailable)
rNeg    . . .        c - +0 leather armour
rPois   +            (no helmet)
rElec   .            (no cloak)
rCorr   .            (no gloves)
SInv    +            (no barding)
Will    .....        (no amulet)
Stlth   ++           (no ring)
HPRegen 0.30/turn    (no ring)
MPRegen 0.10/turn

%: no passive effects
@: lightly drained, very slow
A: AC +2, large, see invisible, deformed body, poison resistance, slowness 2,
spit poison 1, naga tail 1
a: Spit Poison


You were on level 4 of the Dungeon.
You visited 1 branch of the dungeon, and saw 4 of its levels.

You collected 189 gold pieces.


Innate Abilities, Weirdness & Mutations

Your serpentine skin is tough. (AC +2)
You have supernaturally acute eyesight. (SInv)
Armour fits poorly on your strangely shaped body.
Your system is resistant to poisons. (rPois)
You cover ground very slowly.
You can spit poison.
You have a snake-like lower body.


   Skills:
 - Level 4.0 Fighting
 + Level 7.7 Ranged Weapons
 - Level 2.7 Dodging
 - Level 1.5 Stealth


You had 6 spell levels left.
You didn't know any spells.
Your spell library was empty.

Inventory:

Hand Weapons
 Y - a +0 shortbow (weapon)
Armour
 c - a +0 leather armour (worn)
 g - a +0 helmet
Scrolls
 b - a scroll of identify
Potions
 a - a potion of attraction {unknown}
 d - a potion of ambrosia {unknown}
 e - a potion of curing {unknown}
 h - a potion of cancellation {unknown}

Dungeon Overview and Level Annotations

Branches:
Dungeon (4/15)
 Temple: D:4-7

Altars:
Ashenzari
Kikubaaqudgha


Message History

You kill the worm!
The ghost-faced bat hits you but does no damage. x2
You shoot an arrow.
The arrow hits the ghost-faced bat but does no damage.
The ghost-faced bat misses you.
The ghost-faced bat hits you but does no damage. x2
You shoot an arrow. The arrow hits the ghost-faced bat.
The ghost-faced bat is moderately damaged.
You have got your breath back.
The ghost-faced bat barely misses you.
The ghost-faced bat hits you but does no damage. x2
You shoot an arrow. The arrow hits the ghost-faced bat.
The ghost-faced bat is heavily damaged.
The ghost-faced bat closely misses you. The ghost-faced bat hits you.
You feel drained.
The ghost-faced bat hits you but does no damage.
You shoot an arrow.
The arrow barely misses the ghost-faced bat.
The ghost-faced bat hits you.
You feel drained.
The ghost-faced bat completely misses you.
The ghost-faced bat hits you but does no damage. x2
You shoot an arrow.
The arrow barely misses the ghost-faced bat.
The ghost-faced bat barely misses you. x2
The ghost-faced bat hits you but does no damage.
You shoot an arrow. The arrow hits the ghost-faced bat!
You destroy the ghost-faced bat!
The ghost-faced bat hits you but does no damage.
The ghost-faced bat hits you.
You feel drained.
You shoot an arrow.
The arrow closely misses the ghost-faced bat.
The ghost-faced bat hits you but does no damage.
The ghost-faced bat closely misses you.
The ghost-faced bat hits you but does no damage.
You shoot an arrow. The arrow hits the ghost-faced bat!
You destroy the ghost-faced bat!
The rotten bat hits you. The rotten bat closely misses you.
You shoot an arrow. The arrow barely misses the rotten bat.
The rotten bat barely misses you. The rotten bat hits you.
You die...

#..........#### #####.#
######.##.## #..##.# # #.####
#.%.#.### ######.# ## ##.#.##.#
#......# .. ####.#.# #.....## ..
###%%######## #.....# #.
###..%.##.....# #.....#
#.##..###...####.# #...).# #Z@%##
##### #.# ###.### ### ##%## #.#
..:.# #.# #.. #.# ##### #.# ##..
#.# ######## #.# #.. #.###
.......# #.# #.. #.... ..####.#
##.###### ### #.### #.#
#.###.......############.###
#.####......##.......##..........


You could see a rotten bat.

Vanquished Creatures
  Grinder (D:4)
  Menkaure (D:4)
  An ogre (D:3)
  A jelly (D:4)
  A hound (D:4)
  2 iguanas (D:4)
  Natasha (thrice) (D:4)
  6 adders
  4 worms
  A dart slug (D:3)
  3 fire bats (D:4)
  10 orcs
  2 spectral bats (D:4)
  3 bat skeletons (D:4)
  7 endoplasms
  5 giant cockroaches
  6 goblins
  9 hobgoblins
  4 jackals
  4 quokkas
  8 ball pythons
  23 bats
  A frilled lizard (D:1)
  9 kobolds
  8 rats
123 creatures vanquished.

Notes
Turn   | Place    | Note
-------+----------+-------------------------------------------
     0 | D:1      | qw the Naga Hunter began the quest for the Orb.
     0 | D:1      | Reached XP level 1. HP: 19/19 MP: 1/1
     0 | D:1      | 0 ||| qw: Version: 0.3-a-3-g30531e4
     0 | D:1      | 0 ||| qw: Game counter: 410
     0 | D:1      | 0 ||| qw: Always use a shield: true
     0 | D:1      | 0 ||| qw: God list: Okawaru
     0 | D:1      | 0 ||| qw: Allow faded altars: false
     0 | D:1      | 0 ||| qw: Do Orc after D:15 true
     0 | D:1      | 0 ||| qw: Do second Lair branch before Depths: true
     0 | D:1      | 0 ||| qw: Lair rune preference: random
     0 | D:1      | 0 ||| qw: Plans: Normal
     0 | D:1      | 0 ||| PLANNING D:1-11
     8 | D:1      | 8 ||| INVOKING Spit Poison.
    32 | D:1      | 32 ||| INVOKING Spit Poison.
    37 | D:1      | 37 ||| INVOKING Spit Poison.
    41 | D:1      | Reached skill level 4 in Ranged Weapons
    41 | D:1      | Reached XP level 2. HP: 20/26 MP: 2/2
    72 | D:1      | 72 ||| INVOKING Spit Poison.
    75 | D:1      | 75 ||| INVOKING Spit Poison.
    80 | D:1      | 80 ||| INVOKING Spit Poison.
    88 | D:1      | 88 ||| INVOKING Spit Poison.
   120 | D:1      | 120 ||| INVOKING Spit Poison.
   145 | D:1      | Found a faded altar of an unknown god.
   147 | D:1      | 147 ||| INVOKING Spit Poison.
   150 | D:1      | 150 ||| INVOKING Spit Poison.
   156 | D:1      | 156 ||| INVOKING Spit Poison.
   166 | D:1      | 166 ||| INVOKING Spit Poison.
   186 | D:1      | 186 ||| INVOKING Spit Poison.
   201 | D:1      | 201 ||| INVOKING Spit Poison.
   202 | D:1      | Reached XP level 3. HP: 32/32 MP: 3/3
   249 | D:1      | 249 ||| INVOKING Spit Poison.
   253 | D:1      | 253 ||| INVOKING Spit Poison.
   256 | D:1      | 256 ||| INVOKING Spit Poison.
   264 | D:1      | 264 ||| INVOKING Spit Poison.
   330 | D:1      | 330 ||| INVOKING Spit Poison.
   363 | D:1      | 363 ||| INVOKING Spit Poison.
   390 | D:1      | 390 ||| INVOKING Spit Poison.
   425 | D:1      | 425 ||| INVOKING Spit Poison.
   501 | D:1      | 501 ||| INVOKING Spit Poison.
   550 | D:1      | 550 ||| INVOKING Spit Poison.
   582 | D:1      | 582 ||| INVOKING Spit Poison.
   633 | D:1      | 633 ||| READING 2 scrolls labelled JUCUEBRI FUNAI.
   634 | D:1      | 634 ||| DROPPING scroll of revelation.
   635 | D:1      | 635 ||| DROPPING scroll of butterflies.
   652 | D:2      | 652 ||| INVOKING Spit Poison.
   656 | D:2      | 656 ||| INVOKING Spit Poison.
   662 | D:2      | 662 ||| INVOKING Spit Poison.
   663 | D:2      | 663 ||| INVOKING Spit Poison.
   706 | D:2      | 706 ||| INVOKING Spit Poison.
   738 | D:2      | 738 ||| INVOKING Spit Poison.
   742 | D:2      | 742 ||| INVOKING Spit Poison.
   745 | D:2      | Reached skill level 5 in Ranged Weapons
   745 | D:2      | Reached XP level 4. HP: 32/39 MP: 4/4
   747 | D:2      | 747 ||| INVOKING Spit Poison.
   823 | D:2      | 823 ||| INVOKING Spit Poison.
   838 | D:2      | 838 ||| INVOKING Spit Poison.
   841 | D:2      | 841 ||| INVOKING Spit Poison.
   844 | D:2      | 844 ||| INVOKING Spit Poison.
   849 | D:2      | 849 ||| INVOKING Spit Poison.
   926 | D:2      | 926 ||| INVOKING Spit Poison.
   971 | D:2      | 971 ||| INVOKING Spit Poison.
   982 | D:2      | 982 ||| INVOKING Spit Poison.
  1011 | D:2      | 1011 ||| INVOKING Spit Poison.
  1017 | D:2      | 1017 ||| INVOKING Spit Poison.
  1020 | D:2      | 1020 ||| INVOKING Spit Poison.
  1027 | D:2      | 1027 ||| INVOKING Spit Poison.
  1075 | D:2      | 1075 ||| INVOKING Spit Poison.
  1121 | D:2      | 1121 ||| INVOKING Spit Poison.
  1122 | D:2      | 1122 ||| INVOKING Spit Poison.
  1222 | D:2      | 1222 ||| INVOKING Spit Poison.
  1228 | D:2      | 1228 ||| INVOKING Spit Poison.
  1287 | D:2      | 1287 ||| READING scroll labelled ELOLLE LESH.
  1329 | D:3      | 1329 ||| INVOKING Spit Poison.
  1354 | D:3      | 1354 ||| INVOKING Spit Poison.
  1357 | D:3      | Reached skill level 3 in Fighting
  1372 | D:3      | 1372 ||| INVOKING Spit Poison.
  1403 | D:3      | 1403 ||| INVOKING Spit Poison.
  1410 | D:3      | Noticed an ogre
  1415 | D:3      | 1415 ||| INVOKING Spit Poison.
  1418 | D:3      | Killed an ogre
  1419 | D:3      | Reached XP level 5. HP: 23/49 MP: 5/5
  1529 | D:3      | 1529 ||| INVOKING Spit Poison.
  1532 | D:3      | 1532 ||| INVOKING Spit Poison.
  1544 | D:3      | 1544 ||| INVOKING Spit Poison.
  1558 | D:3      | 1558 ||| INVOKING Spit Poison.
  1569 | D:3      | 1569 ||| INVOKING Spit Poison.
  1573 | D:3      | 1573 ||| INVOKING Spit Poison.
  1579 | D:3      | 1579 ||| INVOKING Spit Poison.
  1632 | D:3      | 1632 ||| INVOKING Spit Poison.
  1639 | D:3      | 1639 ||| INVOKING Spit Poison.
  1640 | D:3      | Reached skill level 6 in Ranged Weapons
  1640 | D:3      | Reached XP level 6. HP: 47/56 MP: 6/6
  1829 | D:3      | 1829 ||| INVOKING Spit Poison.
  1928 | D:3      | 1928 ||| READING 2 scrolls labelled FOMAOLOTWA.
  1929 | D:3      | 1929 ||| READING scroll labelled YCZERRONIC.
  1951 | D:4      | 1951 ||| INVOKING Spit Poison.
  1955 | D:4      | 1955 ||| INVOKING Spit Poison.
  1972 | D:4      | 1972 ||| INVOKING Spit Poison.
  1977 | D:4      | 1977 ||| INVOKING Spit Poison.
  1994 | D:4      | 1994 ||| INVOKING Spit Poison.
  2011 | D:4      | 2011 ||| INVOKING Spit Poison.
  2045 | D:4      | 2045 ||| INVOKING Spit Poison.
  2045 | D:4      | Noticed Natasha
  2052 | D:4      | 2052 ||| INVOKING Spit Poison.
  2052 | D:4      | Killed Natasha
  2124 | D:4      | Noticed Menkaure
  2129 | D:4      | HP: 14/57 [??? (12)]
  2130 | D:4      | 2130 ||| READING scroll of teleportation.
  2132 | D:4      | HP: 4/57 [Menkaure/nerve-wracking pain (11)]
  2330 | D:4      | 2330 ||| INVOKING Spit Poison.
  2334 | D:4      | 2334 ||| INVOKING Spit Poison.
  2339 | D:4      | 2339 ||| INVOKING Spit Poison.
  2343 | D:4      | 2343 ||| INVOKING Spit Poison.
  2385 | D:4      | 2385 ||| INVOKING Spit Poison.
  2398 | D:4      | 2398 ||| INVOKING Spit Poison.
  2408 | D:4      | 2408 ||| INVOKING Spit Poison.
  2412 | D:4      | 2412 ||| INVOKING Spit Poison.
  2469 | D:4      | Found an ancient bone altar of Kikubaaqudgha.
  2535 | D:4      | Found a broken altar of Ashenzari.
  2563 | D:4      | Noticed Natasha
  2564 | D:4      | 2564 ||| INVOKING Spit Poison.
  2565 | D:4      | Killed Natasha
  2597 | D:4      | Noticed Natasha
  2599 | D:4      | 2599 ||| Stepping ~*~*~tactically~*~*~ (outnumbered).
  2601 | D:4      | 2601 ||| INVOKING Spit Poison.
  2608 | D:4      | 2608 ||| INVOKING Spit Poison.
  2608 | D:4      | Killed Natasha
  2667 | D:4      | 2667 ||| INVOKING Spit Poison.
  2671 | D:4      | 2671 ||| INVOKING Spit Poison.
  2681 | D:4      | 2681 ||| INVOKING Spit Poison.
  2761 | D:4      | Noticed Grinder
  2765 | D:4      | Paralysed by Grinder for 2 turns
  2770 | D:4      | Paralysed by Grinder for 2 turns
  2774 | D:4      | HP: 14/57 [Grinder (6)]
  2775 | D:4      | 2775 ||| DRINKING potion of heal wounds.
  2782 | D:4      | Paralysed by Grinder for 4 turns
  2790 | D:4      | Killed Grinder
  2791 | D:4      | Reached skill level 7 in Ranged Weapons
  2791 | D:4      | Reached XP level 7. HP: 21/64 MP: 7/7
  2939 | D:4      | HP: 14/64 [Menkaure (23)]
  2941 | D:4      | HP: 4/64 [Menkaure/nerve-wracking pain (5)]
  2945 | D:4      | Killed Menkaure
  3216 | D:4      | 3216 ||| INVOKING Spit Poison.
  3281 | D:4      | 3281 ||| INVOKING Spit Poison.
  3289 | D:4      | 3289 ||| INVOKING Spit Poison.
  3294 | D:4      | 3294 ||| INVOKING Spit Poison.
  3298 | D:4      | 3298 ||| INVOKING Spit Poison.
  3302 | D:4      | 3302 ||| INVOKING Spit Poison.
  3303 | D:4      | 3303 ||| INVOKING Spit Poison.
  3321 | D:4      | 3321 ||| INVOKING Spit Poison.
  3325 | D:4      | 3325 ||| INVOKING Spit Poison.
  3329 | D:4      | 3329 ||| INVOKING Spit Poison.
  3336 | D:4      | 3336 ||| INVOKING Spit Poison.
  3342 | D:4      | 3342 ||| INVOKING Spit Poison.
  3346 | D:4      | 3346 ||| INVOKING Spit Poison.
  3348 | D:4      | HP: 15/64 [fire bat (3)]
  3349 | D:4      | 3349 ||| INVOKING Spit Poison.
  3352 | D:4      | HP: 7/64 [fire bat (1)]
  3355 | D:4      | 3355 ||| INVOKING Spit Poison.
  3359 | D:4      | 3359 ||| INVOKING Spit Poison.
  3360 | D:4      | HP: 2/64 [worm (8)]
  3365 | D:4      | HP: 1/63 [ghost-faced bat (1)]
  3370 | D:4      | Slain by a rotten bat

Levels and vault maps discovered:
D:1:      wander_arrival_peaceful_grave, layout_loops_ring,
          shapermc_ecumenical_altar_mp_urbaneastern
D:2:      layout_rooms
D:3:      layout_rooms, grunt_ministairs_15
D:4:      layout_loops_cross, mainiacjoe_overflow_catwalk_spiral,
          goddamned_bats, uniq_menkaure, uniq_natasha, uniq_grinder

Skill      XL: |  1  2  3  4  5  6  7 |
---------------+----------------------+-----
Ranged Weapons | 4 5 6 7 |  7.7
Fighting       | 3 4 |  4.0
Dodging        | 2 |  2.7
Stealth        | |  1.5

Action                     |  1- 3 |  4- 6 |  7- 9 || total
---------------------------+-------+-------+-------++-------
   Fire: Shortbow          |    76 |   164 |    70 ||   310
Ability: Spit Poison       |    31 |    54 |    15 ||   100
    Use: Scroll            |     1 |     4 |       ||     5
         Potion            |       |     1 |       ||     1
 Armour: Leather armour    |    14 |    22 |    38 ||    74
  Dodge: Dodged            |    19 |    39 |    55 ||   113

Table legend:
 A = Non-vault XP
 B = Vault XP
 C = Vault XP percentage of total XP
 D = Non-vault monster count
 E = Vault monster count
 F = Vault count percentage of total count
                 A         B        C        D         E       F
            +---------+---------+-------+---------+---------+-------
      Total |     594 |     594 |  50.0 |     101 |      22 |  17.9
            +---------+---------+-------+---------+---------+-------
        D:1 |      58 |       0 |   0.0 |      36 |       0 |   0.0
        D:2 |      79 |       0 |   0.0 |      24 |       0 |   0.0
        D:3 |     174 |      15 |   7.9 |      18 |       2 |  10.0
        D:4 |     283 |     579 |  67.2 |      23 |      20 |  46.5
            +---------+---------+-------+---------+---------+-------
